Map: Dusk Towers

Players

Nikolai

  • Race: Protoss Protoss
  • League: Silver

Caborojo - Winner!

  • Race: Zerg Zerg
  • League: Silver

VOD

Have the link to the VOD?

Description

Time

  • Played on: Feb. 16, 2016, 3:09 p.m.
  • Length: 11:32
Show
View Real Time Build Order
Export as new Build Order

Nikolai Protoss 

Build Orders:  

Get SALT Encoding   

  12  0:01  Probe (Chrono Boost)  
  13  0:11  Probe (Chrono Boost)  
  14  0:22  Pylon, Probe (Chrono Boost)  
  15  0:40  Probe (Chrono Boost)  
  16  0:43  Gateway  
  16  0:48  Pylon  
  16  1:01  Probe (Chrono Boost)  
  17  1:06  Assimilator  
  17  1:11  Assimilator  
  17  1:12  Probe (Chrono Boost)  
  18  1:22  Probe (Chrono Boost)  
  19  1:32  Cybernetics Core  
  19  1:37  Probe (Chrono Boost)  
  22  1:49  Probe (Chrono Boost)  
  21  1:59  Probe (Chrono Boost)  
  21  2:01  Nexus  
  22  2:09  Adept (Chrono Boost)  
  22  2:10  Warp Gate  
  24  2:19  Probe (Chrono Boost)  
  25  2:43  Pylon  
  25  2:48  Robotics Facility  
  25  2:52  Probe  
  28  3:00  Adept (Chrono Boost)  
  28  3:02  Probe  
  29  3:06  Gateway  
  29  3:14  Probe  
  29  3:17  Probe  
  31  3:24  Adept (Chrono Boost)  
  31  3:26  Probe  
  34  3:27  Probe  
  35  3:37  Warp Prism  
  35  3:38  Probe  
  38  3:41  Probe  
  38  3:48  Adept (Chrono Boost)  
  41  3:50  Probe  
  42  4:05  Pylon  
  42  4:06  Pylon  
  42  4:08  Pylon  
  42  4:17  Adept  
  44  4:26  Probe  
  44  4:27  Probe  
  46  4:37  Gateway  
  46  4:40  Gateway  
  46  4:44  Observer  
  47  4:57  Probe x2 (Chrono Boost)  
  49  5:05  Pylon  
  49  5:07  Pylon  
  49  5:08  Pylon  
  49  5:40  Immortal  
  53  5:54  Probe x2 (Chrono Boost)  
  53  5:55  Nexus  
  55  6:00  Zealot  
  55  6:01  Zealot x3  
  63  6:19  Immortal  
  63  6:24  Gateway  
  63  6:25  Gateway  
  67  6:26  Stalker x4  
  67  6:27  Gateway  
  75  6:36  Probe x2 (Chrono Boost)  
  77  6:44  Twilight Council  
  77  6:46  Gateway  
  77  6:47  Probe x2 (Chrono Boost)  
  79  6:52  Stalker x3  
  79  6:53  Stalker  
  87  6:57  Probe (Chrono Boost)  
  88  7:29  Charge  
  88  7:31  Immortal (Chrono Boost)  
  88  7:32  Probe x2 (Chrono Boost)  
  88  7:33  Probe  
  95  7:37  Zealot x6  
  95  7:38  Zealot  
  95  7:42  Probe  
  110  7:47  Robotics Facility  
  110  7:49  Pylon  
  110  8:02  Stalker x3  
  116  8:08  Immortal (Chrono Boost)  
  120  8:14  Probe x2  
  120  8:15  Pylon  
  120  8:16  Pylon, Probe  
  120  8:17  Pylon  
  120  8:19  Pylon  
  123  8:22  Pylon  
  123  8:25  Probe x2  
  127  8:42  Immortal (Chrono Boost)  
  99  8:58  Zealot x7  
  93  9:08  Immortal (Chrono Boost)  
  89  9:13  Zealot  
  89  9:15  Immortal (Chrono Boost)  
  95  9:25  Zealot x3  
  95  9:26  Zealot x4  
  87  9:41  Zealot  
  87  9:43  Immortal (Chrono Boost)  
  77  9:50  Zealot x5  
  77  9:51  Zealot x2  
  91  9:55  Immortal (Chrono Boost)  
  95  10:02  Zealot  
  91  10:11  Zealot x2  
  91  10:12  Zealot x5  
  93  10:17  Immortal (Chrono Boost)  
  67  10:28  Zealot  
  67  10:44  Zealot x4  
  67  10:45  Zealot  
  67  10:46  Immortal (Chrono Boost)  
  70  10:51  Stalker, Immortal (Chrono Boost)  
  70  10:52  Stalker x2  
  51  11:12  Zealot x5  
  57  11:21  Zealot  
  57  11:22  Zealot x2  
Show
View Real Time Build Order
Export as new Build Order

Caborojo Zerg - Winner!

Build Orders: 3 Hatch before Pool 

Get SALT Encoding   

  12  0:02  Drone  
  13  0:13  Overlord  
  13  0:17  Drone  
  14  0:31  Drone x2  
  14  0:35  Drone  
  17  0:55  Hatchery  
  17  0:56  Drone  
  17  1:00  Drone  
  18  1:21  Hatchery  
  18  1:22  Drone  
  18  1:26  Drone  
  19  1:40  Spawning Pool  
  19  1:47  Drone x2  
  20  2:04  Drone x2  
  22  2:13  Drone x2  
  24  2:29  Queen x2  
  26  2:36  Drone x5  
  33  2:46  Drone  
  33  2:51  Overlord  
  34  2:55  Overlord  
  34  3:00  Overlord  
  34  3:05  Extractor, Drone  
  34  3:08  Queen  
  36  3:16  Overlord x2  
  36  3:22  Drone  
  36  3:23  Drone x2  
  39  3:27  Drone x2  
  39  3:28  Drone  
  42  3:38  Drone x3  
  45  3:57  Evolution Chamber, Drone x3  
  45  3:58  Roach Warren  
  45  4:02  Drone x4  
  50  4:03  Drone x2  
  50  4:04  Overlord  
  50  4:09  Extractor, Drone x2  
  53  4:14  Extractor  
  52  4:21  Lair  
  52  4:26  Drone x3  
  52  4:27  Drone  
  52  4:30  Spore Crawler  
  55  4:32  Spore Crawler  
  55  4:33  Spore Crawler  
  55  4:36  Drone x4  
  55  4:37  Drone x3  
  60  4:44  Evolution Chamber  
  59  4:54  Drone x4  
  59  4:55  Drone  
  64  5:00  Extractor, Roach  
  64  5:01  Roach x5  
  64  5:05  Extractor  
  74  5:13  Zerg Missile Weapons Level 1  
  74  5:16  Zergling x4  
  74  5:17  Zergling x6  
  70  5:34  Drone x2  
  70  5:35  Drone x3  
  74  5:36  Drone x2  
  74  5:39  Roach x2  
  74  5:41  Overlord x5  
  81  5:52  Zerg Ground Armor Level 1  
  81  5:58  Extractor, Queen x3  
  86  6:05  Drone x2  
  86  6:06  Drone  
  86  6:09  Glial Reconstitution  
  89  6:13  Metabolic Boost  
  89  6:26  Hydralisk Den  
  89  6:28  Drone x4  
  89  6:32  Hatchery  
  91  6:42  Drone  
  91  6:43  Drone x3  
  95  6:50  Roach x5  
  95  6:51  Roach x4  
  113  7:02  Roach x3  
  119  7:10  Roach  
  121  7:36  Zerg Missile Weapons Level 2  
  121  7:38  Overlord  
  121  7:39  Overlord x6  
  121  7:47  Roach x3  
  127  7:57  Lurker Den  
  127  8:02  Roach  
  127  8:03  Roach x9  
  127  8:04  Roach  
  149  8:08  Ravager x2  
  149  8:09  Ravager x5  
  156  8:17  Drone x4  
  160  8:20  Drone  
  160  8:21  Drone x7  
  147  8:55  Hydralisk x2  
  147  8:56  Hydralisk x5  
  147  8:59  Roach x6  
  147  9:00  Roach x4  
  171  9:08  Zerg Ground Armor Level 2  
  169  9:14  Drone x5  
  169  9:15  Drone x2  
  176  9:18  Overlord x3  
  176  9:20  Extractor  
  176  9:22  Extractor  
  154  9:41  Roach x3  
  154  9:42  Roach, Hydralisk x5  
  154  9:43  Hydralisk x6  
  180  9:53  Drone  
  180  9:54  Drone x4  
  180  9:57  Lurker x2  
  180  9:59  Lurker  
  147  10:30  Roach  
  147  10:31  Roach x7  
  147  10:32  Roach x11  
  183  10:45  Roach x4  
Tags
 
Add a new tag
Caveats
  • Supply blocks, unpowered buildings, or Contaminate may cause inaccurate times.
  • Supply counts are checked every 10 seconds.